 Dungeon Sprint DCSS version 0.30-a0-458-g86641cc369 (webtiles) character file.

Game seed: 7339000948597655229

2200000 Joey1 the Plane Walker (level 17, -46/181 HPs)
             Began as a Ghoul Warper on Dec 13, 2022.
             Was a Priest of Makhleb.
             Annihilated by a meat berserker
             ... wielding a +9 battleaxe
              (69 damage)
             ... in the Dungeon (Sprint VIII: "Arena of Blood") on Dec 14, 2022.
             The game lasted 00:02:28 (22 turns).

Joey1 the Plane Walker (Ghoul Warper)                 Turns: 22, Time: 00:02:30

Health: -46/181    AC:  3    Str: 21    XL:     17   Next: 53%
Magic:  7/38       EV: 17    Int:  8    God:    Makhleb [***...]
Gold:   0          SH:  0    Dex: 10    Spells: 53/53 levels left

rFire   . . .      SeeInvis .    h - +∞ Axe of Woe
rCold   + . .      Faith    .    (shield currently unavailable)
rNeg    + + +      Spirit   .    a - +0 leather armour
rPois   ∞          Reflect  .    (no helmet)
rElec   .          Harm     .    (no cloak)
rCorr   .          Rampage  .    (no gloves)
Will    +....      NoTele   +    (no boots)
Stlth   +.........               (no amulet)
HPRegen 0.00/turn                (no ring)
MPRegen 0.26/turn                (no ring)

@: inhibited regen
A: claws 1, cold resistance 1, negative energy resistance 3, inhibited
regeneration, torment resistance 2, devour on kill
a: Renounce Religion, Minor Destruction, Lesser Servant of Makhleb


You were in the Dungeon.
You worshipped Makhleb.
Makhleb was most pleased with you.
You visited 1 branch

Inventory:

Hand Weapons
 h - the +∞ Axe of Woe (weapon)
   (You found it in the Dungeon)
Missiles
 c - 7 boomerangs of dispersal (quivered)
Armour
 a - a +0 leather armour (worn)
Scrolls
 b - 2 scrolls of blinking
Potions
 d - a potion of curing
 e - a potion of heal wounds
 f - a potion of haste
 g - 2 potions of magic


   Skills:
 + Level 23.9 Fighting
 + Level 22.1 Axes
 + Level 4.4 Throwing
 + Level 6.4 Armour
 + Level 17.3 Dodging
 + Level 19.2 Unarmed Combat
 + Level 18.5 Spellcasting
 O Level 27 Translocations


You had 53 spell levels left.
You didn't know any spells.
Your spell library contained the following spells:

 Spells                   Type           Power      Damage    Failure   Level
 Blink                    Tloc           100%       N/A       0%          2
 Lesser Beckoning         Tloc           100%       N/A       0%          3
 Teleport Other           Tloc           50%        N/A       0%          3
 Manifold Assault         Tloc           50%        N/A       0%          4
 Vhi's Electric Charge    Tloc/Air       58%        N/A       1%          3


Dungeon Overview and Level Annotations

Branches:
Dungeon (1/1)

Altars:
Makhleb


Innate Abilities, Weirdness & Mutations

You are immune to poison.
You have sharp fingernails.
Your flesh is cold resistant. (rC+)
You are immune to negative energy. (rN+++)
You do not regenerate when monsters are visible.
You are immune to unholy pain and torment.
You thrive by killing the living.


Message History

You hear a shout! x5
The meat berserker hits you with a +9 battleaxe!!!
You hear a shout!
Things that are here:
a +9 battleaxe; a +30 ring of slaying; a meat berserker corpse You are too injured to fight recklessly!
Unknown command.
You slice the meat berserker!!
You dissect the meat berserker like a pig carcass.
You kill the meat berserker!
Makhleb accepts your kill.
You feel better.
You hear a shout! x8
The meat berserker hits you with a +9 battleaxe!!!!
* * * LOW HITPOINT WARNING * * *
Your Fighting skill increases to level 23!
Your Axes skill gained 2 levels and is now at level 22!
Your Throwing skill increases to level 4!
Your Dodging skill increases to level 17!
Your Unarmed Combat skill increases to level 19!
You hit the destroyer but do no damage.
You hew the destroyer savagely.
You destroy the destroyer!
Makhleb accepts your kill.
You can now summon a lesser servant of Makhleb.
You feel better.
You hit the meat berserker but do no damage.
You chop the meat berserker into pieces.
You kill the meat berserker!
Makhleb accepts your kill.
You hit the destroyer but do no damage.
You dissect the destroyer like a pig carcass.
You destroy the destroyer!
Makhleb accepts your kill.
You hear a shout! x6
A bag of meat comes into view. It is wielding a +9 war axe.
You hear a shout! x2
The meat berserker hits you with a +9 battleaxe!!!
* * * LOW HITPOINT WARNING * * *
The meat berserker hits you with a +9 battleaxe!!!
You die...

... .. #.. ..#
. #.. ..#
..###.. o.###.
......###§o....
....._o.....
#)oO..# .
#_@O._# .
....#.))).#....
......)_O......
......###o.....
..###.. ..###.
. #.. .o# #..
.# ... .. .. ..


You could see 3 meat berserkers and 6 bags of meat.

Vanquished Creatures
  2 vampire knights (D)
  7 ogres (D)
  10 orcs (D)
19 creatures vanquished.

Notes
Turn   | Place    | Note
-------+----------+-------------------------------------------
     0 | D        | Found the +∞ Axe of Woe
     0 | D        | Joey1 the Ghoul Warper began the quest for the Orb.
     0 | D        | Reached XP level 1. HP: 17/17 MP: 2/2
     1 | D        | Noticed a bag of meat
     2 | D        | Killed a bag of meat
     2 | D        | Noticed a meat berserker
     2 | D        | Noticed a bag of meat
     2 | D        | Noticed a bag of meat
     2 | D        | Noticed a bag of meat
     2 | D        | Noticed a bag of meat
     2 | D        | Noticed a bag of meat
     2 | D        | Noticed a bag of meat
     3 | D        | Reached skill level 10 in Fighting
     3 | D        | Reached skill level 10 in Unarmed Combat
     3 | D        | Reached skill level 16 in Translocations
     3 | D        | Reached XP level 2. HP: 38/38 MP: 2/11
     3 | D        | Reached XP level 3. HP: 45/45 MP: 2/12
     3 | D        | Reached XP level 4. HP: 51/51 MP: 2/14
     3 | D        | Reached XP level 5. HP: 58/58 MP: 2/15
     3 | D        | Reached XP level 6. HP: 66/66 MP: 2/17
     3 | D        | Reached XP level 7. HP: 72/72 MP: 2/18
     3 | D        | Reached XP level 8. HP: 79/79 MP: 2/20
     3 | D        | Reached XP level 9. HP: 85/85 MP: 2/21
     3 | D        | Reached XP level 10. HP: 93/93 MP: 2/22
     3 | D        | Reached XP level 11. HP: 99/99 MP: 2/23
     3 | D        | Noticed a meat berserker
     4 | D        | Killed a meat berserker
     4 | D        | Killed a bag of meat
     4 | D        | Noticed a bag of meat
     5 | D        | Reached skill level 21 in Translocations
     5 | D        | Reached XP level 12. HP: 115/115 MP: 2/27
     5 | D        | Reached XP level 13. HP: 122/122 MP: 2/28
     5 | D        | Noticed a bag of meat
     6 | D        | Killed a bag of meat
     6 | D        | Killed a meat berserker
     7 | D        | Reached skill level 15 in Fighting
     7 | D        | Reached skill level 23 in Translocations
     7 | D        | Reached XP level 14. HP: 101/135 MP: 3/30
     7 | D        | Killed a bag of meat
     7 | D        | Noticed a meat berserker
     7 | D        | Noticed a bag of meat
     8 | D        | Reached skill level 10 in Axes
     8 | D        | Reached skill level 15 in Unarmed Combat
     8 | D        | Reached skill level 24 in Translocations
     8 | D        | Killed a bag of meat
     8 | D        | Killed a bag of meat
     8 | D        | Killed a bag of meat
     9 | D        | Reached skill level 15 in Spellcasting
     9 | D        | Reached skill level 25 in Translocations
     9 | D        | Reached XP level 15. HP: 116/147 MP: 3/33
     9 | D        | Noticed a meat berserker
    10 | D        | Became a worshipper of Makhleb the Destroyer
    11 | D        | Killed a meat berserker
    11 | D        | Reached * piety under Makhleb
    12 | D        | Reached skill level 15 in Axes
    12 | D        | Reached skill level 27 in Translocations
    12 | D        | Reached XP level 16. HP: 70/160 MP: 4/35
    12 | D        | Upgraded the game from 0.30-a0-457-g4b7bca3bfa to
                  | 0.30-a0-458-g86641cc369
    13 | D        | Killed a meat berserker
    14 | D        | Reached skill level 5 in Armour
    14 | D        | Reached skill level 15 in Dodging
    14 | D        | Noticed a meat berserker
    15 | D        | Noticed a meat berserker
    17 | D        | Noticed a destroyer
    17 | D        | Noticed a destroyer
    17 | D        | Noticed a meat berserker
    17 | D        | Noticed a meat berserker
    18 | D        | Killed a meat berserker
    18 | D        | Reached ** piety under Makhleb
    18 | D        | Noticed a meat berserker
    19 | D        | Reached XP level 17. HP: 116/176 MP: 6/37
    19 | D        | Noticed a meat berserker
    21 | D        | Killed a meat berserker
    22 | D        | Killed a destroyer
    22 | D        | Reached *** piety under Makhleb
    22 | D        | Killed a meat berserker
    22 | D        | Killed a destroyer
    22 | D        | Annihilated by a meat berserker

Illustrated notes

Levels and vault maps discovered:
D:        meatsprint

Skill      XL: |  1  2  3  4  5  6  7  8  9 10 11 12 13 14 15 16 17 |
---------------+----------------------------------------------------+-----
Fighting       | 10 13 15 17 19 22 23 | 23.9
Axes           | 4 7 9 12 15 19 22 | 22.1
Throwing       | 2 3 4 |  4.4
Armour         | 2 3 4 5 6 |  6.4
Dodging        | 8 11 12 13 14 16 17 | 17.3
Unarmed Combat | 10 12 14 16 17 18 19 | 19.2
Spellcasting   | 9 12 13 15 16 17 18 | 18.5
Translocations | 16 21 23 25 27 | 27.0

Action                   |  1- 3 |  4- 6 |  7- 9 | 10-12 | 13-15 | 16-18 || total
-------------------------+-------+-------+-------+-------+-------+-------++-------
Melee: Executioner's axe |     1 |       |       |     1 |     4 |     6 ||    12
Armor: Leather armour    |       |       |       |       |     1 |       ||     1
Dodge: Dodged            |       |       |       |       |     1 |       ||     1

Table legend: (Time is in decaauts)
 A = Elapsed time spent in this place.
 B = Non-inter-level travel time spent in this place.
 C = Inter-level travel time spent in this place.
 D = Time resting spent in this place.
 E = Time spent auto-exploring this place.
 F = Levels seen in this place.
 G = Mean time per level.
                   A        B        C        D        E       F      G
               +--------+--------+--------+--------+--------+-----+--------+
         Total |     24 |     24 |      0 |      0 |      0 |   1 |   24.0 |
       Dungeon |     24 |     24 |      0 |      0 |      0 |   1 |   24.0 |
               +--------+--------+--------+--------+--------+-----+--------+

Top non-repeatable levels by time:
       D: 24 daAuts
